 Dungeon Crawl Stone Soup version 0.18.1-50-g88ac8fd (webtiles) character file.

260 mopl the Slasher (level 6, 0/30 HPs)
             Began as a Vine Stalker Warper on May 22, 2017.
             Was an Initiate of Pakellas.
             Slain by an orc wizard
             ... wielding a +0 dagger
              (2 damage)
             ... on level 3 of the Dungeon.
             The game lasted 00:02:56 (1854 turns).

mopl the Slasher (Vine Stalker Warper)              Turns: 1854, Time: 00:02:57

Health: 0/30       AC:  3    Str: 13    XL:     6   Next: 17%
Magic:  0/10       EV: 12    Int: 13    God:    Pakellas [......]
Gold:   60         SH:  0    Dex: 16    Spells: 3 memorised, 3 levels left

rFire  . . .     SeeInvis .     k - +0 dagger (venom)
rCold  . . .     Gourm    .     b - +0 leather armour
rNeg   . . .     Faith    .     (no shield)
rPois  .         Spirit   +     (no helmet)
rElec  .         Dismiss  .     (no cloak)
rCorr  +         Reflect  .     (no gloves)
SustAt .         Harm     .     (no boots)
MR     .....                    (no amulet)
Stlth  +.........               (no ring)
                                l - ring of resist corrosion

@: not resistant to hostile enchantments, very unstealthy
A: fangs 2, regeneration 2, magic shield, antimagic bite, no device heal 3, rot
immunity
a: Renounce Religion


You were on level 3 of the Dungeon.
You worshipped Pakellas.
Pakellas was noncommittal.
You were not hungry.

You visited 1 branch of the dungeon, and saw 3 of its levels.

You collected 60 gold pieces.

Inventory:

Hand Weapons
 a - a +0 falchion
 k - a +0 dagger of venom (weapon)
Missiles
 e - 5 tomahawks of dispersal (quivered)
 r - 7 needles of sleeping
Armour
 b - a +0 leather armour (worn)
Jewellery
 l - a ring of resist corrosion (left hand)
Scrolls
 d - a scroll of blinking
 g - 3 scrolls of identify
 h - a scroll of remove curse {unknown}
 i - 2 scrolls of fog {unknown}
 j - a scroll of recharging {unknown}
 q - a scroll of amnesia {unknown}
Potions
 m - a potion of invisibility
 o - a potion of agility
Books
 c - a book of Spatial Translocations

   Spells                             Type                      Level
   a - Apportation                    Translocation                1
   b - Blink                          Translocation                2
   c - Shroud of Golubria             Charms/Translocation         2
   d - Portal Projectile              Translocation                3
   e - Teleport Other                 Translocation                3
   f - Passage of Golubria            Translocation                4
Comestibles
 f - 4 bread rations
 n - a meat ration
 p - 5 chunks of flesh


   Skills:
 - Level 1.7 Fighting
 * Level 5.6 Long Blades
 - Level 0.8 Throwing
 - Level 0.7 Armour
 - Level 1.5 Dodging
 - Level 2.1 Spellcasting
 - Level 3.0 Translocations
 + Level 0.6 Evocations


You had 3 spell levels left.
You knew the following spells:

 Your Spells              Type           Power        Failure   Level  Hunger
a - Apportation           Tloc           #.........   12%         1    ##.....
e - Blink                 Tloc           N/A          14%         2    ###....
p - Portal Projectile     Tloc           #.....       28%         3    ####...


Dungeon Overview and Level Annotations

Branches:
Dungeon (3/15)

Altars:
Elyvilon
Kikubaaqudgha
Pakellas
Xom
Zin


Innate Abilities, Weirdness & Mutations

You have extremely sharp teeth.
You heal very quickly.
When hurt, damage is shared between your health and your magic reserves.
Your bite disrupts and absorbs the magic of your enemies.
Potions and wands cannot restore your health.
You are immune to rotting.


Message History

The orc wizard is severely wounded.
You kill the orc wizard!
Pakellas accepts your kill.
You hit something. Something hits you but does no damage.
The orc hits you from afar with a trident.
You hear some strange, mumbled words.
A puff of flame appears from out of thin air!
The puff of flame hits you!
* * * LOW HITPOINT WARNING * * *
You hit something.
You hear some strange, mumbled words.
A magic dart appears from out of thin air!
The magic dart hits you!
* * * LOW HITPOINT WARNING * * *
The orc barely misses you.
You hit something. Something hits you.
* * * LOW HITPOINT WARNING * * *
You barely miss something. Your bite misses something. Something hits you.
You die...
Pakellas says: Time to find a new assistant...

#.#######
###.......# #.#
.....####.# #.#
####.# #.# ####.##
#.# ....).# # #g#
'###..###.# #o#
..##......# #)#
_.##..##### #@#
####..##########.#
8≈##.............#
l.##.#############
zw##.# zz#### ####
####


You could see an orc and a goblin.

Vanquished Creatures
  Sigmund (D:2)
  An orc wizard (D:3)
  3 adders
  3 dart slugs (D:1)
  3 giant geckos
  An orc (D:3)
  A ball python (D:2)
  4 goblins
  3 hobgoblins
  5 kobolds
  7 bats
  3 giant newts
  6 rats
  A toadstool (D:1)
42 creatures vanquished.

Vanquished Creatures (others)
  A jelly (D:3)
  3 toadstools (D:1)
4 creatures vanquished.

Grand Total: 46 creatures vanquished

Notes
Turn   | Place    | Note
--------------------------------------------------------------
     0 | D:1      | mopl the Vine Stalker Warper began the quest for the Orb.
     0 | D:1      | Reached XP level 1. HP: 11/11 MP: 4/4
    35 | D:1      | Reached skill level 2 in Long Blades
   178 | D:1      | Reached XP level 2. HP: 12/15 MP: 4/6
   234 | D:1      | Learned a level 2 spell: Blink
   828 | D:2      | Reached skill level 3 in Long Blades
   828 | D:2      | Reached XP level 3. HP: 18/18 MP: 7/7
   836 | D:2      | Learned a level 3 spell: Portal Projectile
   902 | D:2      | Noticed Sigmund
   923 | D:2      | Killed Sigmund
   923 | D:2      | Reached skill level 5 in Long Blades
   923 | D:2      | Reached XP level 4. HP: 9/23 MP: 8/8
   923 | D:2      | Reached XP level 5. HP: 11/26 MP: 9/9
  1114 | D:2      | Found an ancient bone altar of Kikubaaqudgha.
  1117 | D:2      | Found a glowing silver altar of Zin.
  1131 | D:2      | Found a shimmering altar of Xom.
  1159 | D:2      | Found a white marble altar of Elyvilon.
  1808 | D:3      | Found an oddly glowing altar of Pakellas.
  1808 | D:3      | Noticed an orange crystal statue
  1812 | D:3      | Became a worshipper of Pakellas the Inventive
  1832 | D:3      | Gained mutation: You heal very quickly. [Vine Stalker growth]
  1832 | D:3      | Reached XP level 6. HP: 30/30 MP: 10/10
  1853 | D:3      | HP: 1/30 [something (3)]
  1854 | D:3      | Slain by an orc wizard

Skill      XL: |  1  2  3 |
---------------+----------+-----
Long Blades    | 2 3 5 |  5.6
Fighting       | |  1.7
Throwing       | |  0.8
Armour         | |  0.7
Dodging        | |  1.5
Spellcasting   | |  2.1
Translocations | |  3.0
Evocations     | |  0.6

Action                   |  1- 3 |  4- 6 || total
-------------------------+-------+-------++-------
Melee: Dagger            |    77 |    77 ||   154
       Falchion          |     6 |       ||     6
       Bite              |    21 |    16 ||    37
  Use: Potion            |     1 |       ||     1
       Scroll            |       |     2 ||     2
 Stab: Sleeping          |       |     2 ||     2
       Distracted        |       |     1 ||     1
  Eat: Chunk             |       |     3 ||     3
Armor: Leather armour    |    25 |    23 ||    48
Dodge: Dodged            |    46 |    51 ||    97
